 Dungeon Crawl Stone Soup version 0.21.1-1-g345015f (webtiles) character file.

3522 VLARC the Carver (level 10, -1/56 HPs)
             Began as a Vine Stalker Abyssal Knight on Mar 9, 2018.
             Was an Elder of Lugonu.
             Slain by a vampire mosquito (8 damage)
             ... on level 7 of the Dungeon.
             The game lasted 00:16:49 (6867 turns).

VLARC the Carver (Vine Stalker Abyssal Knight)      Turns: 6867, Time: 00:16:50

Health: -1/56      AC: 10    Str: 17    XL:     10   Next: 8%
Magic:  0/12       EV:  9    Int: 12    God:    Lugonu [****..]
Gold:   368        SH:  4    Dex: 15    Spells: 9/9 levels left

rFire    . . .     SeeInvis .   m - +0 long sword
rCold    . . .     Gourm    .   n - +1 buckler
rNeg     . . .     Faith    .   r - +0 scale mail
rPois    .         Spirit   +   q - +0 helmet
rElec    .         Reflect  .   (no cloak)
rCorr    .         Harm     .   (no gloves)
MR       +....                  v - +0 pair of boots
Stlth    ..........             (no amulet)
HPRegen  0.58/turn              j - ring of wizardry
MPRegen  0.13/turn              K - +2 ring of protection

@: no status effects
A: fangs 3, regeneration 1, magic shield, antimagic bite, no potion heal 3, rot
immunity
a: Depart the Abyss, Bend Space, Banish, Corrupt, Renounce Religion


You were on level 7 of the Dungeon.
You worshipped Lugonu.
Lugonu was greatly pleased with you.
You were very hungry.

You visited 1 branch of the dungeon, and saw 8 of its levels.
You visited the Abyss 1 time.

You collected 368 gold pieces.

Inventory:

Hand Weapons
 a - a +1 falchion
 m - a +0 long sword (weapon)
 y - a +0 shortbow
Missiles
 k - 156 arrows
Armour
 f - a +0 chain mail
 n - a +1 buckler (worn)
 q - a +0 helmet (worn)
 r - a +0 scale mail (worn)
 v - a +0 pair of boots (worn)
 F - a +0 plate armour
Jewellery
 j - a ring of wizardry (left hand)
 x - an uncursed ring of fire
 K - a +2 ring of protection (right hand)
Wands
 u - a wand of paralysis (5)
 w - a wand of flame (43)
 C - a wand of polymorph (9)
 D - a wand of random effects (41)
Scrolls
 e - 4 scrolls of remove curse
 l - a scroll of random uselessness {unknown}
 p - 3 scrolls of fear {unknown}
 s - 2 scrolls of immolation
 A - 2 scrolls of teleportation
 B - a scroll of amnesia
 G - a scroll of brand weapon {unknown}
 H - a scroll of enchant weapon {unknown}
 I - a scroll of fog {unknown}
 L - a scroll of noise {unknown}
 M - a scroll of identify
Potions
 g - a potion of agility
 o - 3 potions of lignification
 t - a potion of curing
 z - 2 potions of berserk rage
Books
 J - a book of Air

   Spells                             Type                      Level
   a - Shock                          Conjuration/Air              1
   b - Swiftness                      Charms/Air                   2
   c - Static Discharge               Conjuration/Air              3
   d - Airstrike                      Air                          4
   e - Lightning Bolt                 Conjuration/Air              5
Comestibles
 b - 2 chunks of flesh
 c - 15 rations


   Skills:
 + Level 7.9 Fighting
 * Level 10.6 Long Blades
 - Level 1.7 Armour
 - Level 1.0 Dodging
 - Level 1.9 Invocations


You had 9 spell levels left.
You didn't know any spells.

Dungeon Overview and Level Annotations

Branches:
Dungeon (8/15)             Temple (0/1) D:7
   Lair: D:8-11

Altars:
Cheibriados
Gozag
Nemelex Xobeh
Okawaru
Trog
The Shining One


Innate Abilities, Weirdness & Mutations

You have razor-sharp teeth.
Your natural rate of healing is unusually fast.
When hurt, damage is shared between your health and your magic reserves.
Your bite disrupts and absorbs the magic of your enemies.
Potions cannot restore your health.
You are immune to rotting.


Message History

The vampire mosquito bites you!
* * * LOW HITPOINT WARNING * * *
The vampire mosquito draws strength from your injuries!
The vampire mosquito barely misses you.
You riposte.
You closely miss the vampire mosquito.
The vampire mosquito is lightly damaged.
Space bends around you!
You blink.
Evoke which item? (* to show all) (? for menu, Esc to quit)
Aiming: Polymorph
Press: ? - help, Shift-Dir - straight line, f - vampire mosquito
Aim: a vampire mosquito (lightly damaged, chance to defeat MR: 46%)
The vampire mosquito is unaffected.
The vampire mosquito bites you!
* * * LOW HITPOINT WARNING * * *
The vampire mosquito draws strength from your injuries!
The vampire mosquito bites you.
* * * LOW HITPOINT WARNING * * *
The vampire mosquito draws strength from your injuries!
The vampire mosquito bites you but does no damage. x2
The vampire mosquito bites you!
You die...

####.####....## #..####.#
......###....# #.).[[<.#
.............####....[[.#
...................######
..................##
.......##.........#
.......###...###.y#
........##......y.#
######..##.#.###@.#
#)..#.#.# #.## #.#.#.#.#
#.# # #.#.#.###
#.########## #
#.#...#####......[.^.#
######.##......#.#####.####
...........##..#.# #.#
.####.###..##..#.#####.#
.####.###.>............#


You could see 2 vampire mosquitoes.

Vanquished Creatures
  Pikel (D:4)
  A spriggan (D:7)
  A water moccasin (D:7)
  4 orc warriors
  A sky beast (D:6)
  2 ice beasts (D:5)
  A phantom (D:4)
  2 centaurs
  3 ogres
  A big kobold (D:6)
  5 bullfrogs
  A wyvern zombie (D:6)
  A scorpion (D:5)
  2 howler monkeys
  3 crimson imps
  3 hounds
  3 jellies
  An orc priest (D:6)
  4 bullfrog skeletons
  2 orc wizards
  Natasha (thrice) (D:4)
  3 iguanas
  Ijyb (D:4)
  6 worker ants
  A hound zombie (D:8)
  A hound skeleton (D:6)
  A worker ant zombie (D:6)
  11 adders
  3 oozes
  An adder skeleton (D:6)
  6 worms
  2 dart slugs
  2 leopard geckos
  19 orcs
  6 giant cockroaches
  7 hobgoblins
  4 jackals (D:3)
  4 quokkas
  6 ball pythons
  6 bats
  7 frilled lizards
  8 goblins
  16 kobolds
  A quokka zombie (D:7)
  13 rats
180 creatures vanquished.

Notes
Turn   | Place    | Note
-------+----------+-------------------------------------------
     0 | Abyss:1  | VLARC the Vine Stalker Abyssal Knight began the quest for the Orb.
     0 | Abyss:1  | Reached XP level 1. HP: 11/11 MP: 3/3
    41 | Abyss:1  | Noticed a starcursed mass
    54 | Abyss:1  | Noticed a small abomination
    59 | D:1      | Escaped the Abyss
   518 | D:1      | Reached skill level 1 in Dodging
   518 | D:1      | Reached XP level 2. HP: 16/16 MP: 4/4
   572 | D:1      | Reached skill level 2 in Long Blades
   677 | D:1      | Reached * piety under Lugonu
   943 | D:1      | Reached XP level 3. HP: 20/20 MP: 5/5
  1566 | D:2      | Reached skill level 3 in Long Blades
  1821 | D:2      | Gained mutation: Your natural rate of healing is unusually fast. [Vine Stalker growth]
  1821 | D:2      | Reached XP level 4. HP: 11/24 MP: 3/6
  2138 | D:2      | Noticed a moth of wrath
  2141 | D:2      | Found a bloodstained altar of Trog.
  2210 | D:2      | Reached ** piety under Lugonu
  2541 | D:3      | Found a glowing golden altar of the Shining One.
  2614 | D:3      | Found an iron altar of Okawaru.
  2666 | D:3      | Reached XP level 5. HP: 25/28 MP: 4/7
  3329 | D:4      | Reached skill level 4 in Long Blades
  3381 | D:4      | Reached XP level 6. HP: 25/33 MP: 6/8
  3402 | D:3      | Reached *** piety under Lugonu
  3473 | D:4      | Noticed a phantom
  3538 | D:4      | Killed a phantom
  3538 | D:4      | Reached skill level 5 in Long Blades
  3579 | D:4      | Reached XP level 7. HP: 31/38 MP: 9/9
  3682 | D:4      | Noticed Natasha
  3707 | D:4      | Killed Natasha
  3773 | D:4      | Reached skill level 6 in Long Blades
  3787 | D:4      | Noticed Ijyb
  3789 | D:4      | Paralysed by Ijyb for 6 turns
  3807 | D:4      | Killed Ijyb
  3905 | D:4      | Reached skill level 5 in Fighting
  3919 | D:4      | Found a sparkling altar of Nemelex Xobeh.
  3958 | D:4      | Noticed Pikel
  3986 | D:4      | Killed Pikel
  3986 | D:4      | Reached skill level 7 in Long Blades
  3986 | D:4      | Gained mutation: You have razor-sharp teeth. [Vine Stalker growth]
  3986 | D:4      | Reached XP level 8. HP: 6/44 MP: 0/10
  4061 | D:4      | Noticed Natasha
  4069 | D:4      | Killed Natasha
  4127 | D:4      | Noticed Natasha
  4130 | D:4      | Killed Natasha
  4175 | D:5      | Entered Level 5 of the Dungeon
  4346 | D:5      | Reached skill level 8 in Long Blades
  4594 | D:5      | Reached **** piety under Lugonu
  4866 | D:5      | Reached XP level 9. HP: 30/49 MP: 11/11
  5287 | D:6      | Reached skill level 9 in Long Blades
  6017 | D:7      | Reached skill level 10 in Long Blades
  6234 | D:7      | Found an opulent altar of Gozag.
  6376 | D:7      | Reached XP level 10. HP: 34/56 MP: 8/12
  6442 | D:7      | Found a snail-covered altar of Cheibriados.
  6469 | D:7      | Found a staircase to the Ecumenical Temple.
  6867 | D:7      | Slain by a vampire mosquito

Skill      XL: |  1  2  3  4  5  6  7  8  9 |
---------------+----------------------------+-----
Dodging        | 1 |  1.0
Long Blades    | 2 3 4 5 7 8 10 | 10.6
Fighting       | 3 4 5 6 7 |  7.9
Armour         | |  1.7
Invocations    | |  1.9

Action                   |  1- 3 |  4- 6 |  7- 9 | 10-12 || total
-------------------------+-------+-------+-------+-------++-------
Melee: Falchion          |    72 |       |       |       ||    72
       Bite              |    29 |    59 |   113 |    15 ||   216
       Long sword        |    25 |   203 |   310 |    50 ||   588
Invok: Depart the Abyss  |     1 |       |       |       ||     1
       Bend Space        |       |       |       |     1 ||     1
Evoke: Wand              |       |       |     5 |     1 ||     6
  Use: Scroll            |       |     3 |     8 |     1 ||    12
 Stab: Sleeping          |     1 |       |       |       ||     1
       Paralysed         |       |       |    18 |       ||    18
  Eat: Chunk             |     3 |     6 |     9 |     1 ||    19
Armor: Leather armour    |    12 |       |       |       ||    12
       Ring mail         |    16 |    28 |       |       ||    44
       Scale mail        |       |    62 |    92 |    35 ||   189
Dodge: Dodged            |    58 |    90 |   112 |    26 ||   286
Block: Buckler           |       |    33 |    46 |     9 ||    88
       Rpst.: Falchion   |    10 |       |       |       ||    10
       Long sword        |     6 |    33 |    38 |    12 ||    89
